[Event "Lozovatsky Memorial-B 2020"]
[Site "Chelyabinsk"]
[Date "2020.01.15"]
[Round "1.9"]
[White "Scherbakov, Mikhail"]
[Black "Tsvetkov, Pavel"]
[Result "0-1"]
[ECO "C77"]
[WhiteElo "2232"]
[BlackElo "2190"]
[Annotator "ChessBase"]
[PlyCount "78"]
[EventDate "2020.01.15"]
[EventType "tourn"]
[EventCountry "RUS"]
[SourceTitle "playchess.com"]
[Source "ChessBase"]
[SourceQuality "1"]
[TimeControl "5400+30"]

1. e4 e5 2. Nf3 Nc6 3. Bb5 a6 4. Ba4 Nf6 5. d3 d6 6. c3 g6 7. O-O Bg7 8. Re1 O-O 9. h3 b5 10. Bc2 Bb7 11. Be3 d5 12. Nbd2 Re8 13. Qb1 Qd7 14. Nb3 Qe7 15. Rc1 Rad8 16. Nc5 d4 17. Nxb7 dxe3 18. Nxd8 exf2+ 19. Kxf2 Rxd8 20. b4 Nh5 21. Bb3 Rd6 22. g4 Nf4 23. Rd1 Nxh3+ 24. Kg3 Nf4 25. Qc2 h5 26. Qh2 hxg4 27. Kxg4 Qd7+ 28. Kg3 Nh5+ 29. Kf2 Rf6 30. Qh1 Rf4 31. Rd2 Bh6 32. Rg1 Kf8 33. Rdd1 Qe7 34. Rg3 Qf6 35. Rh3 Rg4 36. Rxh5 gxh5 37. Qxh5 Qf4 38. Re1 Qg3+ 39. Ke2 Qg2+ {[%emt 0:00:01] Kf1} 0-1

[Event "Lozovatsky Memorial-B 2020"]
[Site "Chelyabinsk"]
[Date "2020.01.16"]
[Round "2.7"]
[White "Tsvetkov, Pavel"]
[Black "Ansat, Aldiyar"]
[Result "1-0"]
[ECO "B53"]
[WhiteElo "2190"]
[BlackElo "2263"]
[Annotator "ChessBase"]
[PlyCount "63"]
[EventDate "2020.01.15"]
[EventType "tourn"]
[EventCountry "RUS"]
[SourceTitle "playchess.com"]
[Source "ChessBase"]
[SourceQuality "1"]
[TimeControl "5400+30"]

1. e4 c5 2. Nf3 d6 3. d4 cxd4 4. Qxd4 a6 5. c4 Nc6 6. Qe3 g6 7. Nc3 Bg7 8. Be2 Nf6 9. O-O O-O 10. h3 Bd7 11. Rd1 Rc8 12. Rb1 Qc7 13. b4 Rfd8 14. a3 Qb8 15. Bb2 Qa7 16. c5 dxc5 17. b5 axb5 18. e5 b4 19. Nb5 Qb6 20. exf6 exf6 21. Nd6 Rc7 22. Bc4 Rf8 23. axb4 Nxb4 24. Nxf7 Bb5 25. Bxb5 Qxb5 26. Nd6 Qc6 27. Rbc1 Kh8 28. h4 h5 29. Qb3 Rd7 30. Qe6 b6 31. Bc3 Na6 32. Nf7+ 1-0

[Event "Lozovatsky Memorial-B 2020"]
[Site "Chelyabinsk"]
[Date "2020.01.16"]
[Round "2.10"]
[White "Nugumanov, Bakhtiyar"]
[Black "Somkin, Kirill"]
[Result "1-0"]
[ECO "C65"]
[WhiteElo "2389"]
[BlackElo "2121"]
[Annotator "ChessBase"]
[PlyCount "60"]
[EventDate "2020.01.15"]
[EventType "tourn"]
[EventCountry "RUS"]
[SourceTitle "playchess.com"]
[Source "ChessBase"]
[SourceQuality "1"]
[TimeControl "5400+30"]

1. e4 e5 2. Nf3 Nc6 3. Bb5 Bc5 4. O-O Nf6 5. d3 d6 6. c3 O-O 7. h3 Ne7 8. Ba4 Bb6 9. Re1 Ng6 10. Nbd2 c6 11. Nf1 Bc7 12. Ng3 d5 13. Bb3 h6 14. d4 Nxe4 15. Nxe4 dxe4 16. Rxe4 Bf5 17. Re1 e4 18. Nd2 Qh4 19. Nf1 Rae8 20. Re3 Kh8 21. Bc2 Bf4 22. Re1 Re6 23. Bxf4 Nxf4 24. Ng3 e3 25. Bxf5 exf2+ 26. Kxf2 Rxe1 27. Qxe1 g6 28. Bc2 Nh5 29. Qe5+ f6 30. Qe3 Kh7 1-0

[Event "Lozovatsky Memorial-B 2020"]
[Site "Chelyabinsk"]
[Date "2020.01.18"]
[Round "4.6"]
[White "Frolov, Artiom"]
[Black "Tsvetkov, Pavel"]
[Result "1/2-1/2"]
[ECO "A38"]
[WhiteElo "2336"]
[BlackElo "2190"]
[Annotator "ChessBase"]
[PlyCount "102"]
[EventDate "2020.01.15"]
[EventType "tourn"]
[EventCountry "RUS"]
[SourceTitle "playchess.com"]
[Source "ChessBase"]
[SourceQuality "1"]
[TimeControl "5400+30"]

1. Nf3 Nf6 2. c4 c5 3. Nc3 Nc6 4. g3 g6 5. Bg2 Bg7 6. d4 cxd4 7. Nxd4 O-O 8. O-O d6 9. Nxc6 bxc6 10. Bxc6 Rb8 11. b3 Bh3 12. Re1 Ng4 13. Bb2 Qb6 14. e3 Bxc3 15. Bxc3 Qxc6 16. e4 Ne5 17. Re3 f5 18. Qd5+ Rf7 19. Bxe5 Qxd5 20. exd5 dxe5 21. Rxe5 f4 22. Rae1 fxg3 23. hxg3 Kf8 24. f4 h5 25. Kf2 a5 26. d6 a4 27. Rxe7 axb3 28. axb3 Rxb3 29. Rxf7+ Kxf7 30. Re7+ Kf6 31. c5 Rb8 32. Ke3 Be6 33. Rc7 Rc8 34. d7 Ra8 35. Ra7 Rf8 36. c6 Rb8 37. Kd4 Rb4+ 38. Kc5 Rc4+ 39. Kd6 Rd4+ 40. Kc7 Ke7 41. Ra3 Bxd7 42. cxd7 Rc4+ 43. Kb7 Kxd7 44. Re3 Rb4+ 45. Ka6 Kd6 46. Re5 Ra4+ 47. Kb7 h4 48. gxh4 Rb4+ 49. Kc8 Rc4+ 50. Kb7 Rxf4 51. Rg5 Rxh4 1/2-1/2

[Event "Lozovatsky Memorial-B 2020"]
[Site "Chelyabinsk"]
[Date "2020.01.18"]
[Round "4.7"]
[White "Tologontegin, Semetey"]
[Black "Sitnikov, Anton"]
[Result "1/2-1/2"]
[ECO "B07"]
[WhiteElo "2355"]
[BlackElo "2406"]
[Annotator "ChessBase"]
[PlyCount "151"]
[EventDate "2020.01.15"]
[EventType "tourn"]
[EventCountry "RUS"]
[SourceTitle "playchess.com"]
[Source "ChessBase"]
[SourceQuality "1"]
[TimeControl "5400+30"]

1. e4 d6 2. d4 Nf6 3. Nc3 Nbd7 4. Nf3 e5 5. Bc4 Be7 6. O-O c6 7. a4 h6 8. Re1 Qc7 9. Ba2 Nf8 10. Qd3 Ng6 11. h3 O-O 12. Be3 Bd7 13. a5 Kh8 14. Red1 b5 15. axb6 axb6 16. dxe5 dxe5 17. Bb3 Rab8 18. Ra2 Rb7 19. Rda1 Bc8 20. Ra8 b5 21. R1a7 Rxa7 22. Rxa7 Bb7 23. Nd2 Kg8 24. Ne2 Rd8 25. Qc3 c5 26. Ng3 Qb8 27. Qa5 c4 28. Qxb5 cxb3 29. Rxb7 bxc2 30. Rxb8 c1=Q+ 31. Kh2 Rxb8 32. Qxb8+ Kh7 33. Qb7 Kg8 34. Nf3 Qc2 35. Nxe5 Nxe5 36. Qb8+ Bf8 37. Qxe5 Qc6 38. Qd4 Nd7 39. f4 g6 40. e5 Bc5 41. Qc4 Qb6 42. Bxc5 Nxc5 43. b4 Ne6 44. f5 Nd4 45. Qc8+ Kg7 46. f6+ Kh7 47. Qc5 Qxc5 48. bxc5 Nc6 49. e6 fxe6 50. Ne4 g5 51. Nd6 Kg6 52. f7 Kg7 53. Kg3 Ne5 54. h4 gxh4+ 55. Kxh4 Kf8 56. Kh5 Kg7 57. g3 Nc6 58. Kg4 Ne5+ 59. Kh5 Nc6 60. f8=Q+ Kxf8 61. Kxh6 Ne5 62. Kh7 Ng4 63. c6 Nf6+ 64. Kg6 Nd5 65. Kg5 Ke7 66. Nb5 Kd8 67. g4 e5 68. Kh4 e4 69. Kg3 Ke7 70. g5 Ke6 71. c7 Kd7 72. g6 Ne7 73. Kf4 Nxg6+ 74. Kxe4 Nf8 75. Kd5 Ne6 76. Ke4 1/2-1/2

[Event "Lozovatsky Memorial-B 2020"]
[Site "Chelyabinsk"]
[Date "2020.01.18"]
[Round "4.8"]
[White "Simantsev, Mikhail"]
[Black "Ansat, Aldiyar"]
[Result "1/2-1/2"]
[ECO "E71"]
[WhiteElo "2370"]
[BlackElo "2263"]
[Annotator "ChessBase"]
[PlyCount "106"]
[EventDate "2020.01.15"]
[EventType "tourn"]
[EventCountry "RUS"]
[SourceTitle "playchess.com"]
[Source "ChessBase"]
[SourceQuality "1"]
[TimeControl "5400+30"]

1. d4 Nf6 2. c4 g6 3. Nc3 Bg7 4. e4 d6 5. h3 O-O 6. Nf3 e5 7. d5 a5 8. g4 Na6 9. Be3 Nd7 10. a3 Nac5 11. Rg1 a4 12. Nd2 h6 13. Qc2 Kh7 14. O-O-O Bf6 15. Nf3 Nb3+ 16. Kb1 Ndc5 17. Be2 Bg7 18. h4 Qe7 19. Ka2 Bd7 20. Rg3 Rg8 21. Qb1 Raf8 22. Rdg1 f5 23. gxf5 gxf5 24. exf5 Bxf5 25. Qd1 Ne4 26. Nxe4 Bxe4 27. Bd3 Bxd3 28. Qxd3+ e4 29. Qc2 Bf6 30. Rg4 Re8 31. h5 Rxg4 32. Rxg4 Bg7 33. Rg6 Rf8 34. Re6 Qf7 35. Nh4 Qxh5 36. Qxe4+ Kg8 37. f3 Bf6 38. Nf5 Kh8 39. Nd4 Nc5 40. Qc2 Nxe6 41. Nxe6 Rg8 42. Qxa4 Qxf3 43. Bxh6 Qe2 44. Bc1 Qf1 45. Qc2 Rg2 46. Qa4 Qxc1 47. Qe8+ Kh7 48. Qh5+ Kg8 49. Qe8+ Kh7 50. Qh5+ Qh6 51. Nf8+ Kg7 52. Ne6+ Kh7 53. Nf8+ Kg7 1/2-1/2

[Event "Lozovatsky Memorial-B 2020"]
[Site "Chelyabinsk"]
[Date "2020.01.18"]
[Round "4.9"]
[White "Nugumanov, Bakhtiyar"]
[Black "Scherbakov, Mikhail"]
[Result "1-0"]
[ECO "B34"]
[WhiteElo "2389"]
[BlackElo "2232"]
[Annotator "ChessBase"]
[PlyCount "139"]
[EventDate "2020.01.15"]
[EventType "tourn"]
[EventCountry "RUS"]
[SourceTitle "playchess.com"]
[Source "ChessBase"]
[SourceQuality "1"]
[TimeControl "5400+30"]

1. e4 c5 2. Nf3 g6 3. d4 cxd4 4. Nxd4 Nc6 5. Nc3 Bg7 6. Be3 Nf6 7. Nxc6 bxc6 8. e5 Ng8 9. Bd4 Qc7 10. e6 Nf6 11. exd7+ Bxd7 12. Bc4 O-O 13. Qe2 Nd5 14. Bxg7 Kxg7 15. Bxd5 cxd5 16. Nxd5 Qa5+ 17. Qd2 Qxd2+ 18. Kxd2 Bc6 19. Ne3 f5 20. f3 Rfd8+ 21. Kc1 f4 22. Ng4 Bd7 23. Ne5 Bf5 24. Re1 Rd5 25. b3 Kf6 26. Nc4 g5 27. Kb2 h5 28. Re2 e5 29. Rae1 Re8 30. Rd2 Red8 31. Red1 Ke6 32. Rxd5 Rxd5 33. Re1 g4 34. Kc3 h4 35. fxg4 Bxg4 36. Rf1 Be2 37. Rf2 Bxc4 38. bxc4 Rd8 39. c5 h3 40. g3 fxg3 41. hxg3 Rh8 42. Rh2 Kd5 43. Kd3 e4+ 44. Ke3 Ke5 45. g4 a5 46. c6 Rh7 47. c4 a4 48. a3 Rh6 49. c7 Rc6 50. Rxh3 Rxc4 51. Rh5+ Kd6 52. Rh7 Ke5 53. Re7+ Kf6 54. Rxe4 Rxc7 55. Rxa4 Kg5 56. Kd3 Rc1 57. Rc4 Ra1 58. a4 Ra3+ 59. Kc2 Kf6 60. Kb2 Rd3 61. a5 Rd6 62. Ra4 Ra6 63. Kb3 Ke6 64. Kc4 Kd6 65. Kb5 Ra8 66. a6 Kc7 67. Rc4+ Kd7 68. g5 Rb8+ 69. Ka5 Ra8 70. g6 1-0

[Event "Lozovatsky Memorial-B 2020"]
[Site "Chelyabinsk"]
[Date "2020.01.18"]
[Round "4.10"]
[White "Somkin, Kirill"]
[Black "Mischuk, Dmitry"]
[Result "0-1"]
[ECO "B53"]
[WhiteElo "2121"]
[BlackElo "2358"]
[Annotator "ChessBase"]
[PlyCount "94"]
[EventDate "2020.01.15"]
[EventType "tourn"]
[EventCountry "RUS"]
[SourceTitle "playchess.com"]
[Source "ChessBase"]
[SourceQuality "1"]
[TimeControl "5400+30"]

1. e4 c5 2. Nf3 d6 3. d4 cxd4 4. Qxd4 Nf6 5. Nc3 Nc6 6. Bb5 Bd7 7. Bxc6 Bxc6 8. Bg5 e6 9. O-O-O Be7 10. Qd3 O-O 11. Nd4 Qa5 12. h4 Rfc8 13. Kb1 Rab8 14. f4 b5 15. Nd5 Bxd5 16. exd5 Nxd5 17. f5 b4 18. Nb3 Qc7 19. fxe6 fxe6 20. Qe4 Nf6 21. Qxe6+ Kh8 22. Nd4 Re8 23. Qf7 Bd8 24. Qxc7 Bxc7 25. Rhe1 Ne4 26. Bf4 a5 27. Re3 Rbc8 28. Nb5 Bb6 29. Re2 Bc5 30. Rde1 Bf2 31. Rf1 Bxh4 32. Kc1 d5 33. Nc7 Rf8 34. Nxd5 Ng3 35. Rfe1 Nxe2+ 36. Rxe2 Rce8 37. Rxe8 Rxe8 38. Bc7 Bd8 39. Bxd8 Rxd8 40. Ne3 Kg8 41. Nc4 Rd5 42. Ne3 Rd4 43. c3 bxc3 44. bxc3 Rd3 45. Nd1 Rg3 46. Kb2 Rxg2+ 47. Kb3 h5 0-1

[Event "Lozovatsky Memorial-B 2020"]
[Site "Chelyabinsk"]
[Date "2020.01.19"]
[Round "5.6"]
[White "Mischuk, Dmitry"]
[Black "Frolov, Artiom"]
[Result "1-0"]
[ECO "B06"]
[WhiteElo "2358"]
[BlackElo "2336"]
[Annotator "NA"]
[PlyCount "101"]
[EventDate "2020.01.15"]
[EventType "tourn"]
[EventCountry "RUS"]
[SourceTitle "playchess.com"]
[Source "ChessBase"]
[SourceQuality "1"]
[TimeControl "5400+30"]

1. e4 g6 2. d4 Bg7 3. Nf3 d6 4. Bc4 e6 5. Qe2 Ne7 $14 6. O-O b6 7. Rd1 O-O 8. c3 Bb7 9. Nbd2 a6 10. a4 Nd7 11. Nf1 Qe8 12. Ng3 Kh8 13. Bb3 Ng8 14. Bd2 Qe7 15. Re1 Rae8 16. Bg5 f6 17. Bd2 e5 18. Rad1 Nb8 19. h3 Bc8 20. Bc4 Be6 21. b4 Qf7 22. Bxe6 Qxe6 23. d5 Qc8 24. c4 Nd7 25. Ra1 Bh6 26. a5 Bxd2 27. Nxd2 f5 28. exf5 gxf5 29. Qd3 Ne7 30. Nf3 Rf6 31. Qc3 Rg8 32. Nh5 Rfg6 33. Nf4 R6g7 34. Nh4 Nf6 35. Qb2 Ne4 36. Ne6 Ng5 37. Nxg5 Rxg5 38. f4 R5g7 39. fxe5 Qf8 40. axb6 dxe5 41. Qxe5 cxb6 42. Rxa6 Qc8 43. Ra7 Qxc4 44. Rxe7 Qxh4 45. d6 f4 46. d7 f3 47. Qxg7+ Rxg7 48. d8=Q+ Rg8 49. Rxh7+ Qxh7 50. Qf6+ Qg7 51. Qxf3 1-0

[Event "Lozovatsky Memorial-B 2020"]
[Site "Chelyabinsk"]
[Date "2020.01.19"]
[Round "5.7"]
[White "Scherbakov, Mikhail"]
[Black "Somkin, Kirill"]
[Result "0-1"]
[ECO "C70"]
[WhiteElo "2232"]
[BlackElo "2121"]
[Annotator "NA"]
[PlyCount "57"]
[EventDate "2020.01.15"]
[EventType "tourn"]
[EventCountry "RUS"]
[SourceTitle "playchess.com"]
[Source "ChessBase"]
[SourceQuality "1"]
[TimeControl "5400+30"]

1. e4 e5 2. Nf3 Nc6 3. Bb5 a6 4. Ba4 b5 5. Bb3 Na5 6. Bxf7+ Kxf7 7. Nxe5+ Ke7 8. d4 d6 9. Bg5+ Nf6 10. Nc3 Bb7 11. Qf3 Qe8 12. O-O-O Kd8 13. Bxf6+ gxf6 14. Qxf6+ Kc8 15. f4 Be7 16. Qf5+ Kb8 17. Nd7+ Ka7 18. Nxb5+ axb5 19. Qxb5 Ba6 20. Qxa5 Qxd7 21. h3 Rhb8 22. Rhe1 d5 23. Qxd5 Qa4 24. Re3 Bc4 25. Qe5 Bd6 26. Qg7 Bxf4 27. Rde1 Rg8 28. Qf6 Rxg2 29. Qg7 0-1

[Event "Lozovatsky Memorial-B 2020"]
[Site "Chelyabinsk"]
[Date "2020.01.19"]
[Round "5.8"]
[White "Ansat, Aldiyar"]
[Black "Nugumanov, Bakhtiyar"]
[Result "1-0"]
[ECO "C75"]
[WhiteElo "2263"]
[BlackElo "2389"]
[Annotator "NA"]
[PlyCount "117"]
[EventDate "2020.01.15"]
[EventType "tourn"]
[EventCountry "RUS"]
[SourceTitle "playchess.com"]
[Source "ChessBase"]
[SourceQuality "1"]
[TimeControl "5400+30"]

1. e4 e5 2. Nf3 Nc6 3. Bb5 a6 4. Ba4 d6 5. c3 Bd7 6. O-O g6 7. d4 Bg7 8. h3 Nf6 9. Re1 O-O 10. Nbd2 Re8 11. Bc2 b5 12. Nf1 $14 exd4 13. cxd4 Bc8 14. Ng3 Bb7 15. Bg5 Nb4 16. Bb1 c5 17. Qd2 Nc6 18. Bc2 Nxd4 19. Nxd4 cxd4 20. Qf4 Rc8 21. Bb3 Re5 22. Rad1 Rcc5 23. h4 Qe7 24. Rxd4 h5 25. Red1 Rxg5 26. hxg5 Ne8 27. R4d2 Be5 28. Qh4 Bxg3 29. Qxg3 Rxg5 30. Qe3 Re5 31. f3 h4 32. Qh6 Rg5 33. Kf2 Qe5 34. Qxh4 Qc5+ 35. Kf1 Kg7 36. Qf4 f6 37. Rc2 Qb6 38. Be6 Rh5 39. Ke2 Rg5 40. Bg4 d5 41. Qe3 Qd8 42. Kf1 Nd6 43. Qf4 Re5 44. exd5 g5 45. Qb4 a5 46. Qc5 Kg6 47. Qc7 Qf8 48. Be6 b4 49. Kg1 a4 50. Qb6 g4 51. Bxg4 Bxd5 52. f4 b3 53. axb3 axb3 54. Rc3 Re8 55. Rxd5 Ne4 56. Bf5+ Kg7 57. Rd7+ Re7 58. Rxe7+ Qxe7 59. Rc7 1-0

[Event "Lozovatsky Memorial-B 2020"]
[Site "Chelyabinsk"]
[Date "2020.01.19"]
[Round "5.9"]
[White "Sitnikov, Anton"]
[Black "Simantsev, Mikhail"]
[Result "1/2-1/2"]
[ECO "C49"]
[WhiteElo "2406"]
[BlackElo "2370"]
[Annotator "ChessBase"]
[PlyCount "20"]
[EventDate "2020.01.15"]
[EventType "tourn"]
[EventCountry "RUS"]
[SourceTitle "playchess.com"]
[Source "ChessBase"]
[SourceQuality "1"]
[TimeControl "5400+30"]

1. e4 e5 2. Nf3 Nc6 3. Nc3 Nf6 4. Bb5 Bb4 5. O-O O-O 6. d3 d6 7. Ne2 Ne7 8. c3 Bc5 9. Ng3 Ng6 10. h3 h6 1/2-1/2

[Event "Lozovatsky Memorial-B 2020"]
[Site "Chelyabinsk"]
[Date "2020.01.19"]
[Round "5.10"]
[White "Tsvetkov, Pavel"]
[Black "Tologontegin, Semetey"]
[Result "1/2-1/2"]
[ECO "B30"]
[WhiteElo "2190"]
[BlackElo "2355"]
[Annotator "NA"]
[PlyCount "82"]
[EventDate "2020.01.15"]
[EventType "tourn"]
[EventCountry "RUS"]
[SourceTitle "playchess.com"]
[Source "ChessBase"]
[SourceQuality "1"]
[TimeControl "5400+30"]

1. e4 c5 2. Nf3 Nc6 3. Bb5 d6 4. d4 cxd4 5. Qxd4 a6 6. Bxc6+ bxc6 7. c4 e5 8. Qd3 Qc7 9. Nc3 Be7 10. Bg5 Bg4 11. Bxe7 $11 Nxe7 12. Rd1 Rd8 13. h3 Bxf3 14. Qxf3 O-O 15. O-O f5 16. Qe2 fxe4 17. Nxe4 Nf5 18. b4 a5 19. a3 axb4 20. axb4 Rb8 21. Rb1 Nd4 22. Qd3 Qe7 23. Rfe1 Rf4 24. b5 cxb5 25. cxb5 d5 26. Ng3 Rb6 27. Qe3 Re6 28. b6 Qb7 29. Rec1 Rf7 30. Rc5 h6 31. Ra5 Rxb6 32. Rxb6 Qxb6 33. Rxd5 Qb1+ 34. Kh2 Qc2 35. Qxe5 Nf3+ 36. gxf3 Qxf2+ 37. Kh1 Qxf3+ 38. Kg1 Qf2+ 39. Kh1 Qf3+ 40. Kg1 Qf2+ 41. Kh1 Qf3+ 1/2-1/2

[Event "Lozovatsky Memorial-B 2020"]
[Site "Chelyabinsk"]
[Date "2020.01.20"]
[Round "6.9"]
[White "Somkin, Kirill"]
[Black "Ansat, Aldiyar"]
[Result "1-0"]
[ECO "B53"]
[WhiteElo "2121"]
[BlackElo "2263"]
[Annotator "ChessBase"]
[PlyCount "93"]
[EventDate "2020.01.15"]
[EventType "tourn"]
[EventCountry "RUS"]
[SourceTitle "playchess.com"]
[Source "ChessBase"]
[SourceQuality "1"]
[TimeControl "5400+30"]

1. e4 c5 2. Nf3 d6 3. d4 cxd4 4. Qxd4 a6 5. Be3 Nc6 6. Qd2 Nf6 7. Nc3 b5 8. a4 bxa4 9. Rxa4 Bb7 10. Be2 e6 11. O-O Be7 12. Rfa1 a5 13. Nd4 O-O 14. f3 Nd7 15. Nxc6 Bxc6 16. Bb5 Ne5 17. Bxc6 Nxc6 18. Nb5 Qd7 19. c3 Ne5 20. Nd4 Rab8 21. Qe2 Qb7 22. b4 axb4 23. Ra7 Qc8 24. Rxe7 bxc3 25. Rea7 Rb2 26. Nc2 Qb8 27. R7a3 Rb1+ 28. Kf2 Rxa1 29. Rxa1 Qb2 30. Bd4 Nc6 31. Rd1 Ra8 32. Rd3 Nxd4 33. Rxd4 Qb6 34. Kg3 h5 35. Qd3 Ra2 36. Rc4 h4+ 37. Kh3 Qf2 38. Rxc3 Ra5 39. Qe3 Qf1 40. Qd3 Qf2 41. Qd4 Qf1 42. Ne3 Qh1 43. Qxd6 Qe1 44. Qd8+ Kh7 45. Qxa5 g6 46. Ng4 Qd2 47. Qe5 1-0

[Event "Lozovatsky Memorial-B 2020"]
[Site "Chelyabinsk"]
[Date "2020.01.20"]
[Round "6.10"]
[White "Mischuk, Dmitry"]
[Black "Scherbakov, Mikhail"]
[Result "1-0"]
[ECO "A43"]
[WhiteElo "2358"]
[BlackElo "2232"]
[Annotator "RC"]
[PlyCount "73"]
[EventDate "2020.01.15"]
[EventType "tourn"]
[EventCountry "RUS"]
[SourceTitle "playchess.com"]
[Source "ChessBase"]
[SourceQuality "1"]
[TimeControl "5400+30"]

1. d4 Nf6 2. Nf3 c5 3. d5 b5 4. c4 d6 5. cxb5 a6 6. e3 g6 7. Nc3 Bg7 8. a4 O-O 9. Ra3 Nbd7 10. h3 a5 11. Be2 Nb6 12. O-O Bb7 13. e4 e6 14. dxe6 fxe6 15. e5 Nfd5 16. Ne4 Rxf3 17. Bxf3 Bxe5 18. Qe2 Qf8 19. Nxc5 Bc8 20. Bg4 Qf7 21. Ne4 Ra7 22. Bh6 Rc7 23. Rf3 Nf6 24. Nxf6+ Bxf6 25. Re1 e5 26. Bxc8 Rxc8 27. Bg5 Nd7 28. Bxf6 Nxf6 29. Qd2 e4 30. Rf4 Qe6 31. Qd4 Rf8 32. b4 axb4 33. Qxb4 g5 34. Rfxe4 Qf5 35. Qb3+ d5 36. Re5 Qf4 37. Qe3 1-0

[Event "Lozovatsky Memorial-B 2020"]
[Site "Chelyabinsk"]
[Date "2020.01.21"]
[Round "7.8"]
[White "Sitnikov, Anton"]
[Black "Somkin, Kirill"]
[Result "1-0"]
[ECO "C26"]
[WhiteElo "2406"]
[BlackElo "2121"]
[Annotator "NA RC"]
[PlyCount "103"]
[EventDate "2020.01.15"]
[EventType "tourn"]
[EventCountry "RUS"]
[SourceTitle "playchess.com"]
[Source "ChessBase"]
[SourceQuality "1"]
[TimeControl "5400+30"]

1. e4 e5 2. Nc3 Nf6 3. g3 d5 4. exd5 Nxd5 5. Bg2 Nxc3 6. bxc3 Bc5 7. Nf3 Nc6 8. O-O O-O 9. Re1 Bg4 10. h3 Bh5 11. Qe2 Re8 12. Qc4 Bb6 13. g4 Bg6 14. d3 Kh8 15. Rb1 $11 Na5 16. Qa4 f6 17. Nh4 Bf7 18. c4 Nc6 19. Ba3 Nd4 20. Bxb7 Rb8 21. Bg2 Ne6 22. Nf5 Nf4 23. Bf1 g6 24. Ne3 c5 25. Qc6 Rc8 26. Qf3 Qd6 27. Ng2 Ne6 28. Qxf6+ Kg8 29. Bb2 Bd8 30. Qxe5 Qxe5 31. Bxe5 Ng5 32. Nh4 Nxh3+ 33. Bxh3 Bxh4 34. Re4 Rc6 35. g5 Bxg5 36. Bd7 Ra6 37. Bxe8 Bxe8 38. Rb8 Kf7 39. Rb7+ Kg8 40. Rb8 Kf7 41. Rxe8 Kxe8 42. Bf6+ Kd7 43. Bxg5 Rxa2 44. Re7+ Kd6 45. Rxh7 a5 46. Be7+ Ke6 47. Bxc5 Rxc2 48. Ra7 Ra2 49. d4 Kf5 50. d5 Kg4 51. d6 Kh3 52. Rh7+ 1-0

[Event "Lozovatsky Memorial-B 2020"]
[Site "Chelyabinsk"]
[Date "2020.01.22"]
[Round "8.8"]
[White "Somkin, Kirill"]
[Black "Tsvetkov, Pavel"]
[Result "0-1"]
[ECO "C28"]
[WhiteElo "2121"]
[BlackElo "2190"]
[Annotator "NA"]
[PlyCount "112"]
[EventDate "2020.01.15"]
[EventType "tourn"]
[EventCountry "RUS"]
[SourceTitle "playchess.com"]
[Source "ChessBase"]
[SourceQuality "1"]
[TimeControl "5400+30"]

1. e4 e5 2. Nc3 Nc6 3. Bc4 Nf6 4. d3 h6 5. a3 d6 6. Nge2 g5 7. Ng3 Bg4 8. f3 Be6 9. Be3 Qd7 10. Qd2 O-O-O 11. Nd5 Bg7 12. O-O-O Kb8 13. h4 gxh4 14. Rxh4 Bxd5 15. exd5 Ne7 $1 16. Rdh1 $11 ({Much worse is} 16. Qa5 b6 $15) 16... Rhg8 17. Nh5 Nf5 18. Bxa7+ Kxa7 19. Qa5+ Kb8 20. Bb5 c6 21. Ra4 Nxd5 22. Bxc6 Qxc6 23. Qa7+ Kc7 24. Rc4 Nb6 25. Rxc6+ Kxc6 26. Qa5 Nd4 27. Qc3+ Kd7 28. Qb4 Kc7 29. c3 Nc6 30. Qh4 Bf8 31. Qf2 Be7 32. Ng3 Nd5 33. Kc2 Rg5 34. Nf1 Rdg8 35. g3 h5 36. Kb1 f5 37. c4 Nf6 38. Rh2 f4 39. gxf4 exf4 40. b4 Rg1 41. Ka2 h4 42. Kb3 Nd7 43. Nd2 Bf6 44. Ne4 Rb1+ 45. Ka2 Ra1+ 46. Kb3 Bd4 47. Qxh4 Rb1+ 48. Ka2 Rgg1 49. c5 d5 50. Qxf4+ Be5 51. Qd2 Ra1+ 52. Kb3 Rgb1+ 53. Ka4 dxe4 54. Rh7 e3 55. b5 exd2 56. b6+ Kc8 0-1

[Event "Lozovatsky Memorial-B 2020"]
[Site "Chelyabinsk"]
[Date "2020.01.22"]
[Round "8.9"]
[White "Nugumanov, Bakhtiyar"]
[Black "Tologontegin, Semetey"]
[Result "1/2-1/2"]
[ECO "E10"]
[WhiteElo "2389"]
[BlackElo "2355"]
[Annotator "NA"]
[PlyCount "83"]
[EventDate "2020.01.15"]
[EventType "tourn"]
[EventCountry "RUS"]
[SourceTitle "playchess.com"]
[Source "ChessBase"]
[SourceQuality "1"]
[TimeControl "5400+30"]

1. d4 Nf6 2. c4 e6 3. Nf3 d5 4. g3 Bb4+ 5. Bd2 Be7 6. Bg2 O-O 7. O-O Nbd7 8. Qc2 Ne4 9. Nc3 Nxd2 10. Nxd2 c6 $14 11. Rfd1 f5 12. a3 Nf6 13. b4 a6 14. Nf3 Bd7 15. Ne5 Be8 16. Na4 Bd6 17. Nc5 Qe7 18. Rab1 g5 19. Ncd3 Bg6 20. a4 Ng4 21. Nxg6 hxg6 22. b5 axb5 23. axb5 Qf6 24. e3 f4 25. exf4 gxf4 26. Bh3 Nh6 27. bxc6 fxg3 28. hxg3 bxc6 29. cxd5 cxd5 30. Rb6 Rad8 31. Nc5 Nf5 32. Bxf5 gxf5 33. Nb7 Rb8 34. Qe2 f4 35. Rxd6 Rxb7 36. Rxe6 Qf5 37. Re5 Qg6 38. Qf3 Rb1 39. Qxd5+ Kg7 40. Re7+ Kh6 41. Qh1+ Kg5 42. Qh4+ 1/2-1/2

[Event "Lozovatsky Memorial-B 2020"]
[Site "Chelyabinsk"]
[Date "2020.01.22"]
[Round "8.9"]
[White "Mischuk, Dmitry"]
[Black "Sitnikov, Anton"]
[Result "*"]
[ECO "E10"]
[WhiteElo "2358"]
[BlackElo "2406"]
[Annotator "RC"]
[PlyCount "20"]
[EventDate "2020.01.15"]
[EventType "tourn"]
[EventCountry "RUS"]
[SourceTitle "playchess.com"]
[Source "ChessBase"]
[SourceQuality "1"]
[TimeControl "5400+30"]

1. d4 Nf6 2. c4 e6 3. Nf3 d5 4. g3 Bb4+ 5. Bd2 Be7 6. Bg2 O-O 7. O-O Nbd7 8. Qc2 Ne4 9. Nc3 Nxd2 10. Nxd2 c6 *

[Event "Lozovatsky Memorial-B 2020"]
[Site "Chelyabinsk"]
[Date "2020.01.22"]
[Round "8.10"]
[White "Scherbakov, Mikhail"]
[Black "Ansat, Aldiyar"]
[Result "1-0"]
[ECO "B51"]
[WhiteElo "2232"]
[BlackElo "2263"]
[Annotator "NA"]
[PlyCount "179"]
[EventDate "2020.01.15"]
[EventType "tourn"]
[EventCountry "RUS"]
[SourceTitle "playchess.com"]
[Source "ChessBase"]
[SourceQuality "1"]
[TimeControl "5400+30"]

1. e4 c5 2. Nf3 d6 3. Bb5+ Nd7 4. c3 Ngf6 5. Qe2 a6 6. Ba4 b5 7. Bc2 e5 8. O-O Be7 9. d4 O-O 10. Re1 {[%emt 0:02:16] B51: Sicilian: Moscow Variation (3 Bb5+) without 3...Bd7} (10. Rd1 Qc7 11. d5 c4 12. Nbd2 Nc5 13. b3 a5 14. bxc4 bxc4 15. Nf1 Ba6 16. Ng3 Rfb8 17. Ba3 g6 18. Qe3 {0-1 (43) Mamedov,R (2645)-Wang,H (2726) Douglas 2019}) 10... Qc7 11. dxe5 dxe5 12. a4 $146 ({Predecessor:} 12. Nbd2 Bb7 13. Nf1 c4 14. Ng3 Nc5 15. Ng5 h6 16. Nh3 Rfd8 17. f3 Nd3 18. Bxd3 cxd3 {0-1 (43) Hosticka,F (2178)-Hodova,L (2093) Prague 2009}) 12... Rb8 13. axb5 axb5 14. b3 Rd8 15. Na3 Ba6 16. Bd3 c4 17. bxc4 Bxa3 ({Better is} 17... Nc5 $11 18. Bc2 bxc4) 18. Bxa3 bxc4 19. Bc2 Bb7 20. Be7 Rdc8 21. Rad1 Ne8 22. Bb4 Ra8 23. Ra1 Nef6 24. Nd2 h6 25. Rxa8 Bxa8 26. Ra1 $16 Bb7 27. Ra7 Qb8 28. Ra5 Nb6 29. Qe3 Nfd7 30. f3 Rc6 31. Qf2 Qd8 32. Nf1 Re6 33. Qd2 Qh4 34. Bd1 Bc6 35. Be2 Rg6 36. Ne3 Kh7 37. Nxc4 Nxc4 38. Bxc4 Qf6 39. Qe3 h5 40. Ra6 Nb8 41. Ra2 h4 42. h3 Bd7 43. Kh2 Rg3 44. Rf2 Nc6 45. Bb5 Qg6 46. Bxc6 Qxc6 47. Qd2 Qb6 48. c4 Bc8 49. Bd6 f6 50. f4 Rg6 51. fxe5 fxe5 52. Bxe5 Qe6 53. Qd5 Bb7 54. Qd4 Rg5 55. Bf4 Rg6 56. Re2 Ba6 57. Rc2 Bb7 58. e5 Bc6 59. Qd8 Rh6 60. Rf2 Rh5 61. Qd3+ Rf5 62. c5 Bd5 63. Rd2 Ba8 64. Ra2 Bc6 65. Ra6 g6 66. Ra7+ Rf7 67. Qd6 Bd5 68. Rxf7+ Qxf7 69. Qf6 Qb7 70. Qxh4+ Kg8 71. Qf6 Qc6 72. Qd8+ Kf7 73. Bg5 Qe6 74. Qc7+ Ke8 75. Qd6 Kf7 76. Bh6 Ke8 77. Bg5 Kf7 78. Qc7+ Ke8 79. Bf6 Qd7 80. Qd6 Qe6 81. g4 Kf7 82. Qc7+ Ke8 83. Kg3 Qd7 84. Qd6 Qb7 85. Kh4 Kf7 86. Kg5 Be6 87. c6 Qa7 88. Qd3 Qc5 89. Qxg6+ Kf8 90. Bg7+ 1-0